 Dungeon Crawl Stone Soup version 0.29-a0-304-gb34f9e133a (webtiles) character file.

Game seed: 3999223490600104130

2748 Ajdolov the Slicer (level 7, 0/62 HPs)
             Began as a Gnoll Wanderer on Mar 26, 2022.
             Was a Believer of Ru.
             Killed from afar by an acid dragon (15 damage)
             ... with a splash of acid
             ... on level 7 of the Dungeon.
             The game lasted 00:09:51 (7872 turns).

Ajdolov the Slicer (Gnoll Wanderer)                 Turns: 7872, Time: 00:09:51

Health: 0/62       AC: 11    Str: 10    XL:     7   Next: 68%
Magic:  13/13      EV: 15    Int: 12    God:    Ru [**....]
Gold:   451        SH:  0    Dex: 21    Spells: 15/15 levels left

rFire   . . .      SeeInvis .   a - +3 short sword
rCold   . . .      Faith    .   (no shield)
rNeg    . . .      Spirit   .   u - +3 leather armour
rPois   .          Reflect  .   (no helmet)
rElec   .          Harm     .   v - +0 cloak
rCorr   .          Rampage  .   h - +2 pair of gloves
Will    .....                   (no boots)
Stlth   +++.......              (no amulet)
HPRegen 0.20/turn               i - +6 ring of dexterity
MPRegen 0.13/turn               r - +4 ring of protection

@: corroded
A: fangs 1, inexperienced 1, strong nose, distributed training
a: Renounce Religion


You were on level 7 of the Dungeon.
You worshipped Ru.
Ru was pleased with you.
You visited 2 branches of the dungeon, and saw 8 of its levels.

You collected 451 gold pieces.

Inventory:

Hand Weapons
 a - a +3 short sword (weapon)
 b - a +0 hunting sling
Missiles
 q - 6 curare-tipped darts (quivered)
Armour
 h - a +2 pair of gloves (worn)
 u - a +3 leather armour (worn)
 v - a +0 cloak (worn)
Jewellery
 i - a +6 ring of dexterity (left hand)
 r - a +4 ring of protection (right hand)
 w - a ring of magical power
Wands
 o - a wand of digging (5)
Scrolls
 c - a scroll of silence
 e - a scroll of summoning {unknown}
 f - 2 scrolls of enchant armour {unknown}
 g - 3 scrolls of blinking {unknown}
 j - 2 scrolls of teleportation {unknown}
 k - 4 scrolls of amnesia {unknown}
 l - a scroll of magic mapping {unknown}
 m - a scroll of vulnerability {unknown}
 p - 4 scrolls of identify {unknown}
 t - 2 scrolls of fear {unknown}
Potions
 d - 2 potions of mutation {unknown}
 n - 3 potions of curing {unknown}
 s - a potion of heal wounds {unknown}
 x - a potion of invisibility {unknown}


   Skills:
 + Level 8.0 Fighting
 + Level 11.3 Short Blades
 + Level 4.5 Long Blades
 + Level 4.5 Axes
 + Level 4.5 Maces & Flails
 + Level 4.5 Polearms
 + Level 4.5 Staves
 + Level 5.2 Slings
 + Level 4.5 Bows
 + Level 4.5 Crossbows
 + Level 4.5 Throwing
 + Level 4.5 Armour
 + Level 5.2 Dodging
 + Level 4.5 Stealth
 + Level 4.5 Shields
 + Level 4.5 Unarmed Combat
 + Level 4.5 Spellcasting
 + Level 3.7 Conjurations
 + Level 3.7 Hexes
 + Level 3.7 Summonings
 + Level 3.7 Necromancy
 + Level 3.7 Translocations
 + Level 3.7 Transmutations
 + Level 3.7 Fire Magic
 + Level 3.7 Ice Magic
 + Level 3.7 Air Magic
 + Level 3.7 Earth Magic
 + Level 3.7 Poison Magic
 + Level 4.9 Invocations
 + Level 4.5 Evocations


You had 15 spell levels left.
You didn't know any spells.
Your spell library contained the following spells:

 Spells                   Type           Power      Damage    Failure   Level
 Slow                     Hex            44%        N/A       6%          1
 Ensorcelled Hibernation  Hex/Ice        22%        N/A       9%          2
 Passwall                 Tmut/Erth      9%         N/A       9%          2
 Confusing Touch          Hex            11%        N/A       19%         3
 Swiftness                Air            11%        N/A       19%         3
 Vampiric Draining        Necr           11%        2d6       19%         3


Dungeon Overview and Level Annotations

Branches:
Dungeon (7/15)             Temple (1/1) D:5

Altars:
Ashenzari
Cheibriados
Dithmenos
Elyvilon
Fedhas
Gozag
Hepliaklqana
Makhleb
Nemelex Xobeh
Okawaru
Qazlal
Ru
Trog
Uskayaw
Vehumet
Wu Jian
Xom
Yredelemnul
Zin
The Shining One

Shops:
D:4 [   D:5 (


Innate Abilities, Weirdness & Mutations

You have very sharp teeth.
You are somewhat inexperienced. (-2 XL)
Your uncanny sense of smell can sniff out nearby items.
Your experience applies equally to all skills.


Message History

You barely miss the acid dragon.
The acid dragon is almost dead.
You barely miss the acid dragon.
The acid dragon is almost dead.
The acid dragon closely misses you. The acid dragon barely misses you.
You barely miss the acid dragon.
The acid dragon is almost dead.
You barely miss the acid dragon.
You bite the acid dragon, but do no damage.
The acid dragon is almost dead.
The acid dragon spits acid at you. The splash of acid hits you!
You hit the acid dragon.
You bite the acid dragon, but do no damage.
The acid dragon is almost dead.
The acid dragon spits acid at you. The splash of acid hits you!!
Ouch! That really hurt!
* * * LOW HITPOINT WARNING * * *
The acid corrodes you!
You hit the acid dragon but do no damage.
The acid dragon is almost dead.
Unknown command.
You hit the acid dragon but do no damage.
The acid dragon is almost dead.
The acid dragon barely misses you. The acid dragon closely misses you.
Unknown command.
Okay, then.
Throw: 7 darts (curare)
Press: ? - help, Shift-Dir - straight line, f - acid dragon
Aim: an acid dragon (almost dead, 68% to hit)
You throw a curare-tipped dart.
The curare-tipped dart hits the acid dragon.
The acid dragon is almost dead.
Unknown command.
You hit the acid dragon but do no damage.
The acid dragon is almost dead.
The acid dragon spits acid at you. The splash of acid hits you!
You die...

#.# #.# # #.# ##.## # #.#
##...## # #.######.....#
### #
#......##...#####.####
#..###.###.##....#..##
##.# #..........###.g.
#.###.###.##.##.#.z##
#...@D# #.##.###.#.#
####### #.##z#####.#
############g##.g.zg.[#
#.[.#......#z##########
#[#.#...##.#.#
###'''#.#.##.#.########
#.....................#
##..#g#'''##.#.######.####
#### #....#.#)##....##
#.....


You could see an acid dragon (catching breath).

Vanquished Creatures
  A water moccasin (D:7)
  Duvessa (D:7)
  An ice beast (D:7)
  4 black bears
  An ogre (D:6)
  2 bullfrogs (D:7)
  A necrophage (D:6)
  3 scorpions (D:5)
  7 wights (D:7)
  Dowan (D:7)
  11 killer bees
  3 hounds
  A gnoll shaman (D:7)
  An orc priest (D:7)
  2 jellies (D:6)
  5 iguanas
  5 orc wizards
  4 gnolls (D:7)
  9 adders
  3 white imps
  An ufetubus (D:6)
  2 worms
  3 dart slugs
  12 orcs
  5 bats
  7 endoplasms
  9 giant cockroaches
  7 hobgoblins
  4 quokkas
  7 ball pythons
  6 frilled lizards
  5 goblins
  5 kobolds
  3 rats
142 creatures vanquished.

Vanquished Creatures (others)
  A bullfrog (D:7)
1 creature vanquished.

Grand Total: 143 creatures vanquished

Notes
Turn   | Place    | Note
-------+----------+-------------------------------------------
     0 | D:1      | Reached skill level 10 in Short Blades
     0 | D:1      | Ajdolov the Gnoll Wanderer began the quest for the Orb.
     0 | D:1      | Ajdolov set off with the following items: a +3 short sword,
                  | a +0 hunting sling, a scroll of silence, a +0 robe
     0 | D:1      | Reached XP level 1. HP: 23/23 MP: 1/1
   149 | D:1      | Reached XP level 2. HP: 29/29 MP: 2/2
   755 | D:1      | Reached XP level 3. HP: 30/35 MP: 3/3
  1221 | D:2      | Reached skill level 1 in Invocations
  1282 | D:2      | Found a blossoming altar of Fedhas.
  1729 | D:3      | Reached skill level 1 in Long Blades
  1729 | D:3      | Reached skill level 1 in Axes
  1729 | D:3      | Reached skill level 1 in Maces & Flails
  1729 | D:3      | Reached skill level 1 in Polearms
  1729 | D:3      | Reached skill level 1 in Staves
  1729 | D:3      | Reached skill level 1 in Bows
  1729 | D:3      | Reached skill level 1 in Crossbows
  1729 | D:3      | Reached skill level 1 in Throwing
  1729 | D:3      | Reached skill level 1 in Armour
  1729 | D:3      | Reached skill level 1 in Stealth
  1729 | D:3      | Reached skill level 1 in Shields
  1729 | D:3      | Reached skill level 1 in Unarmed Combat
  1729 | D:3      | Reached skill level 1 in Spellcasting
  1729 | D:3      | Reached skill level 1 in Evocations
  1952 | D:3      | Reached XP level 4. HP: 35/41 MP: 5/5
  2279 | D:3      | Reached skill level 1 in Conjurations
  2279 | D:3      | Reached skill level 1 in Hexes
  2279 | D:3      | Reached skill level 1 in Summonings
  2279 | D:3      | Reached skill level 1 in Necromancy
  2279 | D:3      | Reached skill level 1 in Translocations
  2279 | D:3      | Reached skill level 1 in Transmutations
  2279 | D:3      | Reached skill level 1 in Fire Magic
  2279 | D:3      | Reached skill level 1 in Ice Magic
  2279 | D:3      | Reached skill level 1 in Air Magic
  2279 | D:3      | Reached skill level 1 in Earth Magic
  2279 | D:3      | Reached skill level 1 in Poison Magic
  2356 | D:3      | Reached XP level 5. HP: 45/47 MP: 6/6
  2692 | D:4      | Noticed a black bear
  2701 | D:4      | Killed a black bear
  2702 | D:4      | Reached XP level 6. HP: 43/53 MP: 8/8
  3176 | D:4      | Found Tarhunz's Dragon-Slaying Spoils.
  3273 | D:5      | Entered Level 5 of the Dungeon
  3320 | D:5      | Found Falaock's Antique Weapon Boutique.
  3648 | D:4      | Reached XP level 7. HP: 26/59 MP: 10/10
  4802 | D:5      | Found a staircase to the Ecumenical Temple.
  4810 | Temple   | Entered the Ecumenical Temple
  4911 | Temple   | Became a worshipper of Ru the Awakened
  5019 | D:5      | Reached XP level 8. HP: 67/67 MP: 12/12
  5258 | D:5      | Found a white marble altar of Elyvilon.
  6081 | D:6      | Reached skill level 11 in Short Blades
  6201 | D:6      | Found a snail-covered altar of Cheibriados.
  6202 | D:6      | Found a burning altar of Makhleb.
  6434 | D:7      | Gained mutation: You are somewhat inexperienced. (-2 XL)
                  | [Ru sacrifice]
  6434 | D:7      | Reached XP level 7. HP: 60/60 MP: 12/12
  6434 | D:7      | Reached XP level 6. HP: 55/55 MP: 11/11
  6434 | D:7      | Reached * piety under Ru
  6434 | D:7      | Reached ** piety under Ru
  6548 | D:7      | Reached XP level 7. HP: 60/60 MP: 12/12
  6714 | D:7      | Noticed Duvessa
  6714 | D:7      | Noticed Dowan
  6732 | D:7      | Killed Duvessa
  6738 | D:7      | Killed Dowan
  6887 | D:7      | Reached skill level 5 in Slings
  6887 | D:7      | Reached skill level 5 in Dodging
  7872 | D:7      | Killed from afar by an acid dragon

Illustrated notes

Levels and vault maps discovered:
D:1:      dpeg_arrival_three_smaller_balls, layout_basic
D:2:      layout_basic, basic_altar, minmay_worlds_worst_comb
D:3:      layout_basic
D:4:      minmay_wonky_spiral, layout_rooms, chequers_jeans,
          nicolae_shop_dragon_depot
D:5:      layout_layer_cave, nicolae_elyvilon_temple_path,
          minmay_temple_entry_nine_rooms, serial_shops,
          nicolae_shop_temple_entry_statues_fountains, serial_glass,
          glass_columns_a, glass_columns_a
D:6:      layout_basic, gammafunk_temple_overflow_statue, st_stairs_1,
          fountainhead, minmay_puff
D:7:      layout_loops_corners, chequers_serial_rivers_small_3, eino_jars,
          uniq_duvessa
Temple:   minmay_temple_bridge_d

Skill      XL: |  1  2  3  4  5  6  7  8 |
---------------+-------------------------+-----
Short Blades   | 11 | 11.3
Invocations    | 1 2 3 4 |  4.9
Long Blades    | 1 2 4 3 |  4.5
Axes           | 1 2 4 3 |  4.5
Maces & Flails | 1 2 4 3 |  4.5
Polearms       | 1 2 4 3 |  4.5
Staves         | 1 2 4 3 |  4.5
Bows           | 1 2 4 3 |  4.5
Crossbows      | 1 2 4 3 |  4.5
Throwing       | 1 2 4 3 |  4.5
Armour         | 1 2 4 3 |  4.5
Stealth        | 1 2 4 3 |  4.5
Shields        | 1 2 4 3 |  4.5
Unarmed Combat | 1 2 4 3 |  4.5
Spellcasting   | 1 2 4 3 |  4.5
Evocations     | 1 2 4 3 |  4.5
Conjurations   | 1 2 3 |  3.7
Hexes          | 1 2 3 |  3.7
Summonings     | 1 2 3 |  3.7
Necromancy     | 1 2 3 |  3.7
Translocations | 1 2 3 |  3.7
Transmutations | 1 2 3 |  3.7
Fire Magic     | 1 2 3 |  3.7
Ice Magic      | 1 2 3 |  3.7
Air Magic      | 1 2 3 |  3.7
Earth Magic    | 1 2 3 |  3.7
Poison Magic   | 1 2 3 |  3.7
Slings         | 3 5 4 |  5.2
Dodging        | 3 5 4 |  5.2
Fighting       | 8 |  8.0

Action                   |  1- 3 |  4- 6 |  7- 9 || total
-------------------------+-------+-------+-------++-------
Melee: Short sword       |    95 |   121 |   338 ||   554
       Bite              |     5 |     9 |    71 ||    85
       Punch             |     2 |     2 |    14 ||    18
Throw: Dart              |       |     2 |     1 ||     3
Invok: Sacrifice Experie |       |     1 |       ||     1
 Stab: Sleeping          |     5 |     2 |     9 ||    16
       Distracted        |       |       |     2 ||     2
Armor: Leather armour    |     8 |    41 |    85 ||   134
       Scale mail        |     8 |    34 |       ||    42
Dodge: Dodged            |    26 |    83 |   170 ||   279

Table legend: (Time is in decaauts)
 A = Elapsed time spent in this place.
 B = Non-inter-level travel time spent in this place.
 C = Inter-level travel time spent in this place.
 D = Time resting spent in this place.
 E = Time spent auto-exploring this place.
 F = Levels seen in this place.
 G = Mean time per level.
                   A        B        C        D        E       F      G
               +--------+--------+--------+--------+--------+-----+--------+
         Total |   7634 |   7376 |    258 |    778 |   5429 |   8 |  954.2 |
       Dungeon |   7459 |   7298 |    161 |    778 |   5369 |   7 | 1065.6 |
        Temple |    174 |     77 |     97 |      0 |     60 |   1 |  174.0 |
               +--------+--------+--------+--------+--------+-----+--------+

Top non-repeatable levels by time:
     D:7: 1413 daAuts
     D:5: 1365 daAuts
     D:4: 1133 daAuts
     D:6: 1000 daAuts
     D:3: 889 daAuts
     D:2: 833 daAuts
     D:1: 823 daAuts
  Temple: 174 daAuts
